 Dungeon Crawl Stone Soup version 0.28-a0-461-g2dc4ca5097 (webtiles) character file.

Game seed: 2449793545057093420

4162 robertstho the Thaumaturge (level 10, 0/62 HPs)
             Began as a Djinni Fire Elementalist on Sept 13, 2021.
             Slain by Harold (9 damage)
             ... on level 7 of the Dungeon.
             The game lasted 00:11:54 (12038 turns).

robertstho the Thaumaturge (DjFE)                  Turns: 12038, Time: 00:11:54

Health: 0/62       AC:  3    Str:  4 (7)  XL:     10   Next: 52%
Gold:   149        EV:  7    Int: 18 (20) God:
                   SH:  0    Dex: 11 (12)

rFire   + + .      SeeInvis .   p - +10 spear of Uvodibyepp {vorpal, rCorr}
rCold   . . .      Faith    .   (no shield)
rNeg    . . .      Spirit   .   a - +0 robe
rPois   ∞          Reflect  .   o - +0 helmet
rElec   .          Harm     .   (no cloak)
rCorr   +          Rampage  .   (no gloves)
Will    +....                   (boots unavailable)
Stlth   ++........              (no amulet)
HPRegen 0.20/turn               g - ring of protection from cold
MPRegen 0.00/turn               (no ring)

@: about to teleport, marked, flying, held
A: sickness immunity, fire resistance 2, cold vulnerability 1, float, innate
caster, hp casting, extra vitality 1, clumsy 1, deterioration 1, frail 1
a: no special abilities


You were on level 7 of the Dungeon.
You visited 2 branches of the dungeon, and saw 8 of its levels.

You collected 311 gold pieces.
You spent 162 gold pieces at shops.

Inventory:

Hand Weapons
 b - a +0 dagger
 p - the +10 spear of Uvodibyepp (weapon) {vorpal, rCorr}
   (You took it off a kobold on level 4 of the Dungeon)

   It inflicts extra damage upon your enemies.
   rCorr:     It protects you from acid and corrosion.
Armour
 a - a +0 robe (worn)
 m - a +0 kite shield
 o - a +0 helmet (worn)
Jewellery
 d - a ring of willpower
 g - a ring of protection from cold (left hand)
 j - a ring of fire
 y - a ring of willpower
Wands
 f - a wand of digging (2)
 E - a wand of paralysis (19)
Scrolls
 c - a scroll of fog
 e - a scroll of torment
 r - a scroll of immolation {unknown}
 u - a scroll of enchant armour
 v - a scroll of vulnerability
 A - a scroll of identify
Potions
 h - a potion of cancellation
 i - 2 potions of brilliance {unknown}
 l - 2 potions of mutation
 n - a potion of heal wounds {unknown}
 q - 2 potions of lignification {unknown}
 s - 2 potions of degeneration
 t - a potion of attraction {unknown}
 w - a potion of ambrosia {unknown}
 x - a potion of might {unknown}
 z - 2 potions of berserk rage {unknown}
 D - a potion of flight {unknown}


   Skills:
 * Level 4.8 Fighting
 + Level 0.1 Short Blades
 + Level 3.7 Polearms
 + Level 3.9 Dodging
 + Level 3.0 Stealth
 + Level 1.5 Shields
 + Level 0.2 Unarmed Combat
 * Level 9.6 Spellcasting


You had 7 spell levels left.
You knew the following spells:

 Your Spells              Type           Power      Damage    Failure   Level
a - Foxfire               Conj/Fire      100%       2x1d9     1%          1
b - Scorch                Fire           86%        2d9       1%          2
c - Conjure Flame         Conj/Fire      43%        6-21      1%          3
d - Inner Flame           Hex/Fire       43%        N/A       1%          3
e - Flame Wave            Conj/Fire      43%        3d9       1%          4
f - Pain                  Necr           100%       1d9       1%          1
g - Ensorcelled Hibernat  Hex/Ice        86%        N/A       1%          2
h - Blink                 Tloc           N/A        N/A       1%          2
i - Portal Projectile     Hex/Tloc       86%        N/A       1%          3
Your spell library was empty.

Dungeon Overview and Level Annotations

Branches:
Dungeon (7/15)             Temple (1/1) D:6

Altars:
Cheibriados
Dithmenos
Fedhas
Hepliaklqana
Kikubaaqudgha
Makhleb
Nemelex Xobeh
Okawaru
Qazlal
Sif Muna
Trog
Uskayaw
Vehumet
Wu Jian
Xom
Yredelemnul
Zin
The Shining One

Shops:
D:1 =   D:6 [?=

Annotations:
D:7 1 runed translucent door, Crazy Yiuf, Harold


Innate Abilities, Weirdness & Mutations

You are immune to sickness and miasma.
You are immune to poison.
Your flesh is very heat resistant. (rF++)
You are vulnerable to cold. (rC-)
You float through the air rather than walking.
You learn spells naturally, not from books.
Your magical power is your life essence.
You have superior vitality. (+4 HP)
You are clumsy. (Dex -2)
Your body sometimes deteriorates upon taking damage.
You are frail. (-10% HP)


Message History

Harold easily resists.
Harold hits you from afar with a +2 trident of protection!!
Unknown command.
Casting: Ensorcelled Hibernation (safe; 1% risk of failure)
Confirm with . or Enter, or press ? or * to list all spells.
You blink.
Harold gestures at you while chanting. A sentinel's mark forms upon you.
Harold fires a harpoon shot at you. The harpoon shot misses you.
There is a stone staircase leading up here.
Harold throws a throwing net.
The throwing net hits you.
You become entangled in the net!
You stop ascending the stairs.
You struggle against the net.
You struggle against the net.
Harold hits you from afar with a +2 trident of protection!!
You struggle against the net.
Harold fires a harpoon shot at you. The harpoon shot hits you!
* * * LOW HITPOINT WARNING * * *
You are yanked forward by the harpoon shot.
As you read the scroll of fear, it crumbles to dust.
You assume a fearsome visage.
Harold easily resists.
Harold closely misses you.
Okay, then.
Okay, then.
Harold casts a spell at you. The mark upon you grows brighter.
Blink to where?
Press: ? - help, Dir - move target, p - Harold
As you read the scroll of blinking, it crumbles to dust.
As you read the scroll of teleportation, it crumbles to dust.
You feel strangely unstable.
Harold throws a throwing net.
The throwing net hits you.
You become entangled in the net!
It was a potion of mutation.
You feel extremely strange.
You feel yourself wasting away.
You feel clumsy.
You feel frail.
It was a potion of degeneration.
There was something very wrong with that liquid.
You feel weakened.
You feel dopey.
You feel clumsy.
Harold hits you from afar with a +2 trident of protection!
You die...

.#.# #........)..#
.#.######.........##
.#.................#
.#################.#
....# #...<..#.#
###.# #(#..#.#.# #.#
#.#.##.#.# #.#
#.#.##.#.#
#.#######.#.@.@#.#
#.##......######.#
#.##.###### #.#
###.##.# #.#
....##(# #.#
######.# #.#
.......### #.#
.........# #.#
########.# #.#


You could see Harold.

Vanquished Creatures
  A hornet (D:7)
  Prince Ribbit (D:6)
  Grinder (D:5)
  Sigmund (D:5)
  3 water moccasins
  Menkaure (D:5)
  Duvessa (D:7)
  A black bear (D:7)
  An orc warrior (D:7)
  2 ice beasts (D:7)
  6 ogres
  4 sky beasts
  A kobold brigand (D:7)
  Blork the orc (D:6)
  A bullfrog (D:7)
  4 scorpions
  Dowan (D:7)
  A water moccasin zombie (D:5)
  3 wyvern skeletons
  A water moccasin skeleton (D:5)
  A wight (D:7)
  An electric eel (D:6)
  2 centaur zombies (D:7)
  5 orc priests (D:5)
  4 hounds
  4 centaur skeletons
  2 iguanas (D:5)
  3 orc wizards
  A scorpion zombie (D:5)
  A killer bee zombie (D:7)
  A howler monkey zombie (D:6)
  2 howler monkey skeletons
  A gnoll (D:3)
  8 adders
  An ufetubus (D:4)
  An adder zombie (D:5)
  A worm (D:5)
  A dart slug (D:4)
  21 orcs
  8 ball pythons
  8 endoplasms
  3 giant cockroaches
  8 goblins
  9 hobgoblins
  8 jackals
  16 kobolds
  4 quokkas
  4 bats
  3 frilled lizards
  8 rats
176 creatures vanquished.

Vanquished Creatures (others)
  287 foxfires
287 creatures vanquished.

Grand Total: 463 creatures vanquished

Notes
Turn   | Place    | Note
-------+----------+-------------------------------------------
     0 | D:1      | robertstho the Djinni Fire Elementalist began the quest for
                  | the Orb.
     0 | D:1      | Reached XP level 1. HP: 15/15 MP: 0/0
    44 | D:1      | Reached XP level 2. HP: 3/21 MP: 0/0
   402 | D:1      | Found a faded altar of an unknown god.
   631 | D:1      | Reached skill level 3 in Spellcasting
   631 | D:1      | Reached XP level 3. HP: 25/26 MP: 0/0
   631 | D:1      | Learned a level 1 spell: Pain
   884 | D:1      | Found Iwaplel's Jewellery Boutique.
  1504 | D:2      | Noticed a scorpion
  1512 | D:2      | Killed a scorpion
  1513 | D:2      | Reached skill level 1 in Fighting
  1513 | D:2      | Reached XP level 4. HP: 11/32 MP: 0/0
  1513 | D:2      | Reached XP level 5. HP: 13/37 MP: 0/0
  1513 | D:2      | Learned a level 2 spell: Ensorcelled Hibernation
  2283 | D:2      | Reached skill level 4 in Spellcasting
  3127 | D:3      | Found a stormy altar of Qazlal.
  3275 | D:3      | Found a snail-covered altar of Cheibriados.
  3406 | D:3      | Found an iron altar of Okawaru.
  3543 | D:3      | Reached XP level 6. HP: 37/42 MP: 0/0
  4759 | D:4      | Identified the +10 spear of Uvodibyepp {vorpal, rCorr}
  4848 | D:4      | Noticed an ogre
  4862 | D:4      | Killed an ogre
  4863 | D:4      | Reached skill level 5 in Spellcasting
  4863 | D:4      | Reached XP level 7. HP: 27/49 MP: 0/0
  4863 | D:4      | Learned a level 2 spell: Blink
  5752 | D:5      | Entered Level 5 of the Dungeon
  5752 | D:5      | Found a shimmering altar of Xom.
  6265 | D:5      | Reached skill level 1 in Polearms
  6332 | D:5      | Noticed Grinder
  6333 | D:5      | Noticed Menkaure
  6335 | D:5      | Noticed a water moccasin
  6346 | D:5      | Reached XP level 8. HP: 19/55 MP: 0/0
  6448 | D:5      | Killed Grinder
  6449 | D:5      | Reached skill level 1 in Shields
  6449 | D:5      | Reached skill level 6 in Spellcasting
  7198 | D:5      | Reached XP level 9. HP: 21/61 MP: 0/0
  7198 | D:5      | Learned a level 3 spell: Portal Projectile
  7460 | D:5      | Reached skill level 7 in Spellcasting
  7825 | D:5      | Noticed Sigmund
  7828 | D:5      | Killed Sigmund
  8149 | D:5      | Killed Menkaure
  8660 | D:6      | Found a staircase to the Ecumenical Temple.
  8669 | Temple   | Entered the Ecumenical Temple
  9135 | D:6      | Found Puigurun's Jewellery Shoppe.
  9135 | D:6      | Noticed Blork the orc
  9136 | D:6      | Found Zeugras's Magic Scroll Emporium.
  9145 | D:6      | Killed Blork the orc
  9177 | D:6      | Found Megamona's Armour Shoppe.
  9183 | D:6      | Bought 2 scrolls of identify for 48 gold pieces
  9183 | D:6      | Bought a scroll of fear for 42 gold pieces
  9183 | D:6      | Bought a scroll of teleportation for 36 gold pieces
  9183 | D:6      | Bought a scroll of teleportation for 36 gold pieces
  9482 | D:6      | Noticed Prince Ribbit
  9487 | D:6      | Killed Prince Ribbit
  9488 | D:6      | Reached skill level 8 in Spellcasting
 10026 | D:7      | Noticed Dowan
 10032 | D:7      | Reached XP level 10. HP: 40/69 MP: 0/0
 10034 | D:7      | Noticed Duvessa
 10629 | D:7      | Killed Duvessa
 10630 | D:7      | Reached skill level 9 in Spellcasting
 10681 | D:7      | Paralysed by a wight for 3 turns
 10693 | D:7      | Killed Dowan
 11845 | D:7      | Found a runed translucent door.
 11848 | D:7      | Noticed Crazy Yiuf
 12016 | D:7      | Noticed Harold
 12037 | D:7      | Gained mutation: Your body sometimes deteriorates upon
                  | taking damage. [potion of mutation]
 12037 | D:7      | Gained mutation: You are clumsy. (Dex -2) [potion of
                  | mutation]
 12037 | D:7      | Gained mutation: You are frail. (-10% HP) [potion of
                  | mutation]
 12038 | D:7      | Slain by Harold

Illustrated notes

Levels and vault maps discovered:
D:1:      psy_arrival_radial02, layout_rooms, chequers_ecumenical_altar_island,
          serial_shops, nicolae_shop_competitors_out_of_business
D:2:      layout_loops_ring
D:3:      layout_basic, grunt_temple_overflow_open,
          gammafunk_temple_overflow_forgotten, minmay_misc_feat_diagonals,
          minmay_ruptured
D:4:      layout_basic, serial_bayou_pond_b, abandoned_shop
D:5:      minmay_inner_zag, layout_basic, mainiacjoe_overflow_boulevard,
          dk_vineyard_3, serial_park_tiny_2, uniq_sigmund, uniq_grinder,
          uniq_menkaure
D:6:      layout_loops_ring, minmay_temple_entry_offerings,
          kennysheep_cluttered_room, nicolae_wooded_promenade,
          uniq_prince_ribbit1, uniq_blork_the_orc
D:7:      layout_basic, supply_closet_lemuel, st_stairs_2, uniq_duvessa,
          uniq_harold, uniq_crazy_yiuf_cottage
Temple:   minmay_temple_forest_path

Skill      XL: |  1  2  3  4  5  6  7  8  9 10 |
---------------+-------------------------------+-----
Spellcasting   | 3 4 5 6 8 9 |  9.6
Fighting       | 1 2 3 4 |  4.8
Stealth        | 2 3 |  3.0
Dodging        | 3 |  3.9
Polearms       | 1 2 3 |  3.7
Shields        | 1 |  1.5
Short Blades   | |  0.1
Unarmed Combat | |  0.2

Action                   |  1- 3 |  4- 6 |  7- 9 | 10-12 || total
-------------------------+-------+-------+-------+-------++-------
Melee: Unarmed           |     2 |       |       |       ||     2
       Dagger            |       |    36 |       |       ||    36
       Spear             |       |       |    89 |    31 ||   120
 Cast: Foxfire           |    61 |    18 |    88 |    10 ||   177
       Scorch            |     2 |    60 |    50 |    13 ||   125
       Flame Wave        |       |       |     3 |     9 ||    12
       Blink             |       |       |       |     1 ||     1
       Ensorcelled Hiber |       |       |       |     1 ||     1
  Use: Potion            |     1 |     1 |       |     2 ||     4
       Scroll            |       |       |     9 |     4 ||    13
 Stab: Sleeping          |       |     1 |     1 |     3 ||     5
       Distracted        |       |       |     1 |       ||     1
Armor: Robe              |     3 |    12 |    16 |    16 ||    47
Dodge: Dodged            |     6 |    30 |    44 |    51 ||   131
Block: Kite shield       |       |     3 |    13 |       ||    16

Table legend: (Time is in decaauts)
 A = Elapsed time spent in this place.
 B = Non-inter-level travel time spent in this place.
 C = Inter-level travel time spent in this place.
 D = Time resting spent in this place.
 E = Time spent auto-exploring this place.
 F = Levels seen in this place.
 G = Mean time per level.
                   A        B        C        D        E       F      G
               +--------+--------+--------+--------+--------+-----+--------+
         Total |  12049 |  11767 |    282 |    749 |   9897 |   8 | 1506.1 |
       Dungeon |  11601 |  11378 |    223 |    749 |   9520 |   7 | 1657.3 |
        Temple |    448 |    389 |     59 |      0 |    377 |   1 |  448.0 |
               +--------+--------+--------+--------+--------+-----+--------+

Top non-repeatable levels by time:
     D:5: 2500 daAuts
     D:7: 2022 daAuts
     D:2: 1644 daAuts
     D:4: 1524 daAuts
     D:1: 1438 daAuts
     D:3: 1418 daAuts
     D:6: 1051 daAuts
  Temple: 448 daAuts
